 Dungeon Crawl Stone Soup version 0.27.1 (webtiles) character file.

Game seed: 4986959167420490882

218 DoubleLucky the Firebug (level 5, -2/38 HPs)
             Began as a Draconian Fire Elementalist on Aug 21, 2021.
             Slain by an ogre (8 damage)
             ... on level 4 of the Dungeon.
             The game lasted 00:20:07 (3645 turns).

DoubleLucky the Firebug (DrFE)                      Turns: 3645, Time: 00:20:07

Health: -2/38      AC:  6    Str: 11    XL:     5   Next: 63%
Magic:  0/11       EV: 12    Int: 16    God:
Gold:   126        SH:  0    Dex: 11    Spells: 11/12 levels left

rFire    + . .     SeeInvis .   g - +1 dagger (protect)
rCold    . . .     Faith    .   (no shield)
rNeg     . . .     Spirit   .   (armour unavailable)
rPois    .         Reflect  .   (helmet restricted)
rElec    .         Harm     .   c - +0 cloak
rCorr    .         Rampage  .   (no gloves)
Will     .....     Clarity  +   (no boots)
Stlth    ++........             (no amulet)
HPRegen  0.12/turn              b - ring of protection from fire
MPRegen  0.12/turn              (no ring)

@: brilliant, hasted, very quick
A: AC +5, unfitting armour, cold-blooded, horns 1, talons 1, clarity,
deterioration 1
a: no special abilities


You were on level 4 of the Dungeon.
You visited 1 branch of the dungeon, and saw 4 of its levels.

You collected 126 gold pieces.

Inventory:

Hand Weapons
 g - a +1 dagger of protection (weapon)
Missiles
 j - 22 poisoned darts
 l - 7 atropa-tipped darts
Armour
 c - a +0 cloak (worn)
Jewellery
 b - a ring of protection from fire (left hand)
 e - a ring of poison resistance
 t - a ring of willpower
Scrolls
 a - a scroll of teleportation {unknown}
 f - 4 scrolls of identify {unknown}
 k - 3 scrolls of enchant armour {unknown}
 n - 3 scrolls of vulnerability {unknown}
 o - 2 scrolls of noise {unknown}
 p - a scroll of enchant weapon {unknown}
 r - a scroll of amnesia {unknown}
Potions
 d - 2 potions of lignification {unknown}
 h - a potion of mutation
 i - a potion of ambrosia {unknown}
 m - 2 potions of haste
 q - a potion of brilliance
 s - a potion of magic {unknown}
 u - a potion of flight {unknown}


   Skills:
 - Level 1.7 Dodging
 - Level 1.7 Stealth
 + Level 4.0 Spellcasting
 + Level 1.1 Conjurations
 + Level 5.0 Fire Magic


You had 11 spell levels left.
You knew the following spells:

 Your Spells              Type           Power      Damage    Failure   Level
a - Foxfire               Conj/Fire      76%        2x1d7     4%          1

Your spell library contained the following spells:

 Spells                   Type           Power      Damage    Failure   Level
 Conjure Flame            Conj/Fire      19%        6-21      14%         3
 Inner Flame              Hex/Fire       16%        N/A       19%         3
 Sticky Flame             Conj/Fire      19%        2d4       43%         4
 Fireball                 Conj/Fire      9%         3d6       78%         5


Dungeon Overview and Level Annotations

Branches:
Dungeon (4/15)
 Temple: D:4-7

Altars:
Xom

Annotations:
D:4 Ijyb


Innate Abilities, Weirdness & Mutations

Your plain brown scales are hard. (AC +5)
You cannot fit into any form of body armour.
You are cold-blooded and may be slowed by cold attacks.
You have a pair of small horns on your head.
You have sharp toenails.
You possess an exceptional clarity of mind.
Your body sometimes deteriorates upon taking damage.


Message History

The foxfire hits Ijyb but does no damage.
Ijyb is severely wounded.
Ijyb grins evilly.
Casting: Foxfire (safe; 4% risk of failure)
Confirm with . or Enter, or press ? or * to list all spells.
You conjure some foxfire!
Ijyb hits you with a +0 dagger.
* * * LOW HITPOINT WARNING * * *
The foxfire hits Ijyb but does no damage.
Ijyb is severely wounded.
The foxfire hits Ijyb but does no damage.
Ijyb is severely wounded.
Found 12 gold pieces.
It was a potion of mutation.
You feel extremely strange.
You feel yourself wasting away.
Your toenails lengthen and sharpen.
A pair of horns grows on your head!
Your thoughts seem clearer.
It was a potion of brilliance.
You feel clever all of a sudden.
Things that are here:
12 gold pieces; a sedimented cyan potion
Casting: Foxfire (safe; 4% risk of failure)
Confirm with . or Enter, or press ? or * to list all spells.
You feel a surge of power!
You conjure some foxfire!
The foxfire hits Ijyb.
Ijyb is almost dead.
The foxfire hits Ijyb but does no damage.
Ijyb is almost dead.
Casting: Foxfire (safe; 4% risk of failure)
Confirm with . or Enter, or press ? or * to list all spells.
You don't have enough magic to cast this spell.
Casting: Foxfire (safe; 4% risk of failure)
Confirm with . or Enter, or press ? or * to list all spells.
You feel a surge of power!
You conjure some foxfire!
Ijyb screams, "I no like you!" Ijyb hits you with a +0 dagger.
* * * LOW HITPOINT WARNING * * *
The foxfire hits Ijyb but does no damage.
Ijyb is almost dead.
The foxfire hits Ijyb but does no damage.
Ijyb is almost dead.
The ogre hits you with a +0 giant club!
You die...

.# .# .# .. ##
.##########.##..
.......#........
.......#........
.####†.#....... ####
.####..#....#####..#
...#...'....#..§...#
...#...#....#...@..#
...#...#....#..Og..#
..######....#...$..#
+##...(............#
:............#..#
#.....############
#..... ######


You could see an ogre and Ijyb.

Vanquished Creatures
  Jessica (D:3)
  2 hound skeletons
  Robin (D:2)
  A gnoll (D:1)
  2 adders
  An adder skeleton (D:4)
  A worm (D:2)
  A dart slug (D:2)
  4 endoplasms
  3 giant cockroaches
  10 goblins
  6 hobgoblins
  9 jackals
  4 quokkas
  9 ball pythons
  4 bats
  6 frilled lizards
  8 kobolds
  2 rats
75 creatures vanquished.

Vanquished Creatures (others)
  5 dream sheep (D:3)
  241 foxfires
246 creatures vanquished.

Grand Total: 321 creatures vanquished

Notes
Turn   | Place    | Note
-------+----------+-------------------------------------------
     0 | D:1      | DoubleLucky the Draconian Fire Elementalist began the quest
                  | for the Orb.
     0 | D:1      | Reached XP level 1. HP: 14/14 MP: 3/3
   224 | D:1      | Reached XP level 2. HP: 20/20 MP: 1/5
   619 | D:1      | You fall into a shaft and drop 1 floor!
   942 | D:1      | Reached XP level 3. HP: 26/26 MP: 1/7
  1324 | D:1      | Found a faded altar of an unknown god.
  1799 | D:2      | Reached skill level 4 in Fire Magic
  2036 | D:2      | Reached XP level 4. HP: 33/33 MP: 5/8
  2402 | D:2      | Noticed Robin
  2418 | D:2      | Killed Robin
  2620 | D:3      | Noticed a dream sheep
  2620 | D:3      | Noticed a dream sheep
  2620 | D:3      | Noticed a dream sheep
  2620 | D:3      | Noticed a dream sheep
  2620 | D:3      | Noticed a dream sheep
  2620 | D:3      | Found a shimmering altar of Xom.
  2622 | D:3      | Killed a dream sheep
  2625 | D:3      | Killed a dream sheep
  2625 | D:3      | Killed a dream sheep
  2625 | D:3      | Killed a dream sheep
  2626 | D:3      | Reached XP level 5. HP: 38/38 MP: 6/10
  2627 | D:3      | Killed a dream sheep
  2885 | D:3      | Noticed Jessica
  2895 | D:3      | Killed Jessica
  3076 | D:3      | You fall into a shaft and drop 1 floor!
  3544 | D:4      | Noticed Ijyb
  3579 | D:4      | Reached skill level 5 in Fire Magic
  3627 | D:4      | Noticed an ogre
  3637 | D:4      | Gained mutation: Your body sometimes deteriorates upon
                  | taking damage. [potion of mutation]
  3637 | D:4      | Gained mutation: You have sharp toenails. [potion of
                  | mutation]
  3637 | D:4      | Gained mutation: You have a pair of small horns on your
                  | head. [potion of mutation]
  3637 | D:4      | Gained mutation: You possess an exceptional clarity of
                  | mind. [potion of mutation]
  3645 | D:4      | Slain by an ogre

Illustrated notes

Levels and vault maps discovered:
D:1:      dpeg_arrival_solitude, layout_basic, serial_forest,
          infiniplex_forest_end_3, infiniplex_forest_straight_2,
          infiniplex_forest_lined_4_way, infiniplex_forest_3_way,
          chequers_ecumenical_altar_grove, nrook_mini_vaults,
          nrook_mini_backslash, minmay_hedge_maze
D:2:      layout_loops_ring, hangedman_decor_push, minmay_tromino_v4_b,
          uniq_robin
D:3:      layout_loops_cross, kb_xom_exploding_sheep, uniq_jessica
D:4:      layout_gridville, minmay_temple_entry_nine_rooms, uniq_ijyb,
          uniq_menkaure

Skill      XL: |  1  2  3  4  5 |
---------------+----------------+-----
Spellcasting   | 3 4 |  4.0
Fire Magic     | 4 5 |  5.0
Dodging        | |  1.7
Stealth        | |  1.7
Conjurations   | |  1.1

Action                   |  1- 3 |  4- 6 || total
-------------------------+-------+-------++-------
Melee: Unarmed           |     3 |       ||     3
       Dagger            |    20 |    26 ||    46
       Tailslap          |     2 |     1 ||     3
 Cast: Foxfire           |    76 |    68 ||   144
  Use: Potion            |       |     3 ||     3
Armor: Skin              |    14 |    43 ||    57
Dodge: Dodged            |    33 |    49 ||    82
